 Dungeon Crawl Stone Soup version 0.24.0-1-gfbc8707 (webtiles) character file.

Game seed: 12748639778331687650, levelgen mode: deterministic

126 Illumine the Magician (level 5, 0/37 HPs)
             Began as a Gnoll Wizard on Nov 22, 2019.
             Slain by an orc priest
             ... wielding a +0 club
              (7 damage)
             ... on level 3 of the Dungeon.
             The game lasted 00:05:59 (2381 turns).

Illumine the Magician (Gnoll Wizard)                Turns: 2381, Time: 00:05:59

Health: 0/37       AC:  3    Str:  9    XL:     5   Next: 10%
Magic:  6/14       EV: 14    Int: 22    God:
Gold:   136        SH:  0    Dex: 13    Spells: 7/18 levels left

rFire    . . .     SeeInvis .   s - +2 halberd (chop)
rCold    . . .     Gourm    .   (shield currently unavailable)
rNeg     . . .     Faith    .   a - +0 robe
rPois    .         Spirit   .   p - +0 helmet
rElec    .         Reflect  .   (no cloak)
rCorr    .         Harm     .   (no gloves)
MR       .....                  (no boots)
Stlth    +++.......             v - amulet of inaccuracy (curse)
HPRegen  0.12/turn              (no ring)
MPRegen  0.14/turn              (no ring)

@: no status effects
A: distributed training, fangs 1, strong nose
a: no special abilities


You were on level 3 of the Dungeon.
You were not hungry.

You visited 1 branch of the dungeon, and saw 3 of its levels.

You collected 136 gold pieces.

Inventory:

Hand Weapons
 c - a +0 hunting sling
 f - a +0 dagger
 s - a +2 halberd of chopping (weapon)
Missiles
 e - 75 stones (quivered)
 l - 20 sling bullets
 o - 18 poisoned darts
Armour
 a - a +0 robe (worn)
 p - a +0 helmet (worn)
Jewellery
 v - a cursed amulet of inaccuracy (around neck)
Scrolls
 b - a scroll of identify {unknown}
 h - 4 scrolls of fear {unknown}
 i - a scroll of noise {unknown}
 k - 2 scrolls of amnesia {unknown}
 m - 2 scrolls of teleportation {unknown}
 n - a scroll of magic mapping {unknown}
 r - a scroll of enchant armour {unknown}
Potions
 g - a potion of berserk rage {unknown}
 j - a potion of brilliance {unknown}
 q - a potion of magic {unknown}
 t - a potion of flight {unknown}
Comestibles
 d - 6 rations
 u - a chunk of flesh


   Skills:
 + Level 1.3 Fighting
 + Level 1.3 Short Blades
 + Level 1.3 Long Blades
 + Level 1.3 Axes
 + Level 1.3 Maces & Flails
 + Level 1.3 Polearms
 + Level 1.3 Staves
 + Level 1.3 Slings
 + Level 1.3 Bows
 + Level 1.3 Crossbows
 + Level 1.3 Throwing
 + Level 1.3 Armour
 + Level 4.7 Dodging
 + Level 4.3 Stealth
 + Level 1.3 Shields
 + Level 1.3 Unarmed Combat
 + Level 7.2 Spellcasting
 + Level 2.3 Conjurations
 + Level 1.0 Hexes
 + Level 1.0 Charms
 + Level 2.3 Summonings
 + Level 1.0 Necromancy
 + Level 2.3 Translocations
 + Level 1.0 Transmutations
 + Level 1.0 Fire Magic
 + Level 1.0 Ice Magic
 + Level 1.0 Air Magic
 + Level 1.0 Earth Magic
 + Level 1.0 Poison Magic
 + Level 1.4 Invocations
 + Level 1.3 Evocations


You had 7 spell levels left.
You knew the following spells:

 Your Spells              Type           Power        Failure   Level  Hunger
a - Magic Dart            Conj           ###.         3%          1    None
b - Blink                 Tloc           N/A          4%          2    None
c - Call Imp              Summ           ###.....     4%          2    None
d - Conjure Flame         Conj/Fire      ###.....     12%         3    None
e - Mephitic Cloud        Conj/Pois/Air  ##......     13%         3    None

Your spell library contained the following spells:

 Spells                   Type           Power        Failure   Level  Hunger
 Slow                     Hex            ##......     8%          2    None


Dungeon Overview and Level Annotations

Branches:
Dungeon (3/15)

Altars:
Dithmenos
Fedhas
Kikubaaqudgha
Okawaru
Zin


Innate Abilities, Weirdness & Mutations

Your experience applies equally to all skills.
You have very sharp teeth.
Your uncanny sense of smell can sniff out nearby items.


Message History

Confirm with . or Enter, or press ? or * to list all spells.
Aiming: Magic Dart (safe; 3% risk of failure)
Press: ? - help, Shift-Dir - straight line, f/p - orc priest
Aim: an orc priest, wielding a +0 club and wearing a +0 ring mail (translocational energy, severely wounded)
The magic dart hits the orc priest.
The orc priest is severely wounded.
Your crimson imp misses the orc priest.
Your crimson imp blinks!
Casting: Magic Dart (safe; 3% risk of failure)
Confirm with . or Enter, or press ? or * to list all spells.
Aiming: Magic Dart (safe; 3% risk of failure)
Press: ? - help, Shift-Dir - straight line, f/p - orc priest
Aim: an orc priest, wielding a +0 club and wearing a +0 ring mail (severely wounded)
The magic dart hits the orc priest but does no damage.
The orc priest is severely wounded.
Your crimson imp hits the orc priest but does no damage.
You miss the orc priest.
The orc priest is severely wounded.
The orc priest hits you with a +0 club!
You die...

#.............
.......#
#............
..(......
#.......5...
.......
#..........
#.........#
#.........#
#.....))†.#
#)...5o...#
#.....@...#
......
#######.###
...... #.# ######
#.... #÷# #....#
##.... #.#
#....###..... #.#
#............
#.###............
#.##.....####....
#..........##....


You could see an orc priest and 2 friendly crimson imps.

Vanquished Creatures
  2 adders (D:2)
  A gnoll (D:3)
  2 worms (D:3)
  A dart slug (D:2)
  4 orcs (D:3)
  3 goblins
  12 hobgoblins
  8 jackals
  A ball python (D:1)
  5 bats
  8 frilled lizards
  8 kobolds
  11 rats
66 creatures vanquished.

Vanquished Creatures (collateral kills)
  3 gnolls (D:3)
  A worm (D:3)
  A leopard gecko (D:3)
  An orc (D:3)
  A kobold (D:3)
7 creatures vanquished.

Grand Total: 73 creatures vanquished

Notes
Turn   | Place    | Note
-------+----------+-------------------------------------------
     0 | D:1      | Illumine the Gnoll Wizard began the quest for the Orb.
     0 | D:1      | Reached XP level 1. HP: 13/13 MP: 8/8
   105 | D:1      | Reached XP level 2. HP: 19/19 MP: 5/10
   250 | D:1      | Learned a level 2 spell: Blink
   253 | D:1      | Learned a level 2 spell: Call Imp
   394 | D:1      | Reached XP level 3. HP: 25/25 MP: 2/11
  1058 | D:2      | Found an iron altar of Okawaru.
  1282 | D:2      | Reached skill level 1 in Invocations
  1311 | D:2      | Found a blossoming altar of Fedhas.
  1313 | D:2      | Found an ancient bone altar of Kikubaaqudgha.
  1319 | D:2      | Found a glowing silver altar of Zin.
  1368 | D:2      | Reached skill level 1 in Fighting
  1368 | D:2      | Reached skill level 1 in Short Blades
  1368 | D:2      | Reached skill level 1 in Long Blades
  1368 | D:2      | Reached skill level 1 in Axes
  1368 | D:2      | Reached skill level 1 in Maces & Flails
  1368 | D:2      | Reached skill level 1 in Polearms
  1368 | D:2      | Reached skill level 1 in Staves
  1368 | D:2      | Reached skill level 1 in Slings
  1368 | D:2      | Reached skill level 1 in Bows
  1368 | D:2      | Reached skill level 1 in Crossbows
  1368 | D:2      | Reached skill level 1 in Throwing
  1368 | D:2      | Reached skill level 1 in Armour
  1368 | D:2      | Reached skill level 1 in Shields
  1368 | D:2      | Reached skill level 1 in Unarmed Combat
  1368 | D:2      | Reached skill level 1 in Evocations
  1411 | D:2      | Learned a level 3 spell: Conjure Flame
  1415 | D:2      | Learned a level 3 spell: Mephitic Cloud
  1418 | D:2      | Reached XP level 4. HP: 32/32 MP: 9/13
  1566 | D:2      | Found a shadowy altar of Dithmenos.
  2014 | D:3      | Reached skill level 1 in Hexes
  2014 | D:3      | Reached skill level 1 in Charms
  2014 | D:3      | Reached skill level 1 in Necromancy
  2014 | D:3      | Reached skill level 1 in Transmutations
  2014 | D:3      | Reached skill level 1 in Fire Magic
  2014 | D:3      | Reached skill level 1 in Ice Magic
  2014 | D:3      | Reached skill level 1 in Air Magic
  2014 | D:3      | Reached skill level 1 in Earth Magic
  2014 | D:3      | Reached skill level 1 in Poison Magic
  2263 | D:3      | Reached XP level 5. HP: 37/37 MP: 5/14
  2381 | D:3      | Slain by an orc priest

Levels and vault maps discovered:
D:1:      dpeg_arrival_rhombus, layout_rooms, minmay_hexomino_u4
D:2:      layout_basic, lemuel_crystal_altar, marbit_many_paths,
          gammafunk_temple_overflow_forgotten, hex_intersection
D:3:      layout_rooms

Skill      XL: |  1  2  3  4 |
---------------+-------------+-----
Conjurations   | 2 |  2.3
Summonings     | 2 |  2.3
Translocations | 2 |  2.3
Invocations    | 1 |  1.4
Fighting       | 1 |  1.3
Short Blades   | 1 |  1.3
Long Blades    | 1 |  1.3
Axes           | 1 |  1.3
Maces & Flails | 1 |  1.3
Polearms       | 1 |  1.3
Staves         | 1 |  1.3
Slings         | 1 |  1.3
Bows           | 1 |  1.3
Crossbows      | 1 |  1.3
Throwing       | 1 |  1.3
Armour         | 1 |  1.3
Shields        | 1 |  1.3
Unarmed Combat | 1 |  1.3
Evocations     | 1 |  1.3
Hexes          | 1 |  1.0
Charms         | 1 |  1.0
Necromancy     | 1 |  1.0
Transmutations | 1 |  1.0
Fire Magic     | 1 |  1.0
Ice Magic      | 1 |  1.0
Air Magic      | 1 |  1.0
Earth Magic    | 1 |  1.0
Poison Magic   | 1 |  1.0
Dodging        | |  4.7
Stealth        | |  4.3
Spellcasting   | |  7.2

Action                   |  1- 3 |  4- 6 || total
-------------------------+-------+-------++-------
Melee: Dagger            |    18 |     2 ||    20
       Bite              |     1 |     5 ||     6
       Halberd           |       |    27 ||    27
 Cast: Magic Dart        |    73 |    44 ||   117
       Call Imp          |       |     5 ||     5
       Mephitic Cloud    |       |     3 ||     3
  Eat: Chunk             |     1 |       ||     1
       Ration            |       |     1 ||     1
Armor: Robe              |     5 |     6 ||    11
Dodge: Dodged            |    31 |    33 ||    64
